 Dungeon Crawl Stone Soup version 0.29-a0-356-g7bc237e783 (webtiles) character file.

Game seed: 672429631364527413

20 klau3 the Skirmisher (level 2, -1/33 HPs)
             Began as an Ogre Berserker on Apr 26, 2022.
             Was a Follower of Trog.
             Slain by an adder (4 damage)
             ... on level 2 of the Dungeon.
             The game lasted 00:06:43 (1478 turns).

klau3 the Skirmisher (Ogre Berserker)               Turns: 1478, Time: 00:06:44

Health: -1/33      AC:  3    Str: 26    XL:     2   Next: 79%
Magic:  2/2        EV: 10    Int:  8    God:    Trog [*.....]
Gold:   69         SH:  0    Dex:  8    Spells: 1/1 levels left

rFire   . . .      SeeInvis .   m - +3 dagger (freeze)
rCold   . . .      Faith    .   (no shield)
rNeg    . . .      Spirit   .   b - +0 animal skin
rPois   +          Reflect  .   (helmet restricted)
rElec   .          Harm     .   (no cloak)
rCorr   .          Rampage  .   (gloves unavailable)
Will    .....                   (boots unavailable)
Stlth   +.........              n - amulet of regeneration
HPRegen 0.91/turn               f - +6 ring of strength
MPRegen 0.08/turn               h - ring of poison resistance

@: lethally poisoned (-1 -> -2)
A: large, unfitting armour, tough skin 1
a: Renounce Religion, Berserk


You were on level 2 of the Dungeon.
You worshipped Trog.
Trog was aware of your devotion.
You visited 1 branch of the dungeon, and saw 2 of its levels.

You collected 69 gold pieces.

Inventory:

Hand Weapons
 a - a +0 spear
 e - a +0 flail
 m - a +3 dagger of freezing (weapon)
Missiles
 i - 33 stones (quivered)
Armour
 b - a +0 animal skin (worn)
 k - a +0 helmet
Jewellery
 f - a +6 ring of strength (left hand)
 h - a ring of poison resistance (right hand)
 n - an amulet of regeneration (around neck)
Scrolls
 c - 2 scrolls of identify {unknown}
 d - 3 scrolls of teleportation {unknown}
 j - a scroll of enchant weapon
Potions
 g - a potion of might {unknown}
 l - a potion of resistance {unknown}
 o - a potion of lignification {unknown}


   Skills:
 + Level 4.5 Fighting
 + Level 3.3 Polearms
 + Level 3.0 Dodging


You had one spell level left.
You didn't know any spells.
Your spell library was empty.

Dungeon Overview and Level Annotations

Branches:
Dungeon (2/15)

Altars:


Innate Abilities, Weirdness & Mutations

You are too large for most types of armour.
You have tough skin. (AC +1)


Message History

You closely miss the adder. The adder bites you.
The adder completely misses you.
You closely miss the adder. The adder bites you. x2
You closely miss the adder. The adder bites you. x3
You miss the adder. The adder bites you.
You are poisoned.
The adder poisons you! The ball python misses you. The adder bites you.
The adder barely misses you.
You miss the adder.
You feel sick.
The ball python bites you but does no damage.
The adder bites you.
You are more poisoned.
The adder poisons you! The adder closely misses you.
You barely miss the adder.
You feel sick. The ball python bites you. The adder closely misses you.
The adder bites you but does no damage. The ball python closely misses you.
As you read the scroll labelled COEFARPH ROTESYIV, it crumbles to dust.
It is a scroll of enchant weapon.
Your +2 dagger of freezing glows red for a moment.
You feel sick. The adder bites you.
* * * LOW HITPOINT WARNING * * *
The adder closely misses you.
The ball python bites you but does no damage.
Your +3 dagger of freezing glows with a cold blue light!
m - a +3 dagger of freezing (weapon)
You feel sick. The adder bites you but does no damage.
The adder closely misses you.
You completely miss the adder.
You feel sick. The ball python bites you.
* * * LOW HITPOINT WARNING * * *
The adder bites you.
* * * LOW HITPOINT WARNING * * *
The adder barely misses you. The ball python barely misses you.
You hit the ball python.
The ball python seems to slow down.
You freeze the ball python.
You kill the ball python!
Trog accepts your kill.
You feel sick. The adder bites you.
* * * LOW HITPOINT WARNING * * *
The adder bites you.
You die...

#.# .#...# #.#
....# #.# ##._K##
#.# #####.....#
#.# #..#...#
#.#######.....#
#.........#..##
#........###.S##
#.........#.KS@#
#........##..†..#
#........##.....#
#.....[..####..##
#.......... ....
#.############..#
#.# .... #.#
.#..#


You could see 2 adders and a kobold.

Vanquished Creatures
  A bat (D:1)
  2 endoplasms (D:1)
  2 goblins (D:1)
  5 hobgoblins
  A kobold (D:1)
  A quokka (D:1)
  2 ball pythons (D:2)
  2 frilled lizards
  2 rats (D:1)
18 creatures vanquished.

Notes
Turn   | Place    | Note
-------+----------+-------------------------------------------
     0 | D:1      | klau3 the Ogre Berserker began the quest for the Orb.
     0 | D:1      | Reached XP level 1. HP: 24/24 MP: 1/1
   291 | D:1      | Reached XP level 2. HP: 22/32 MP: 2/2
  1453 | D:2      | Found a faded altar of an unknown god.
  1478 | D:2      | Slain by an adder

Illustrated notes

Levels and vault maps discovered:
D:1:      dpeg_arrival_arbitrary_b, layout_loops_corners, minmay_tetromino_l2
D:2:      kb_forest_paths, layout_basic, basic_altar,
          nicolae_ecumenical_snake_handling

Skill      XL: |  1  2 |
---------------+-------+-----
Dodging        | 3 |  3.0
Fighting       | |  4.5
Polearms       | |  3.3

Action                   || total
-------------------------++-------
Melee: Spear             ||    57
       Punch             ||     1
       Dagger            ||     2
Throw: Stone             ||     2
  Use: Scroll            ||     1
Armor: Animal skin       ||    16
Dodge: Dodged            ||    30

Table legend: (Time is in decaauts)
 A = Elapsed time spent in this place.
 B = Non-inter-level travel time spent in this place.
 C = Inter-level travel time spent in this place.
 D = Time resting spent in this place.
 E = Time spent auto-exploring this place.
 F = Levels seen in this place.
 G = Mean time per level.
                   A        B        C        D        E       F      G
               +--------+--------+--------+--------+--------+-----+--------+
         Total |   1472 |   1427 |     45 |      0 |      0 |   2 |  736.0 |
       Dungeon |   1472 |   1427 |     45 |      0 |      0 |   2 |  736.0 |
               +--------+--------+--------+--------+--------+-----+--------+

Top non-repeatable levels by time:
     D:1: 1341 daAuts
     D:2: 131 daAuts
